 Dungeon Crawl Stone Soup version 0.23-a0-358-g98c7a59 (webtiles) character file.

4059 Folque the Geomancer (level 10, -4/77 HPs)
             Began as a White Draconian Earth Elementalist on Oct 22, 2018.
             Was a Priest of Sif Muna.
             Slain by Harold
             ... wielding a +0 trident
              (6 damage)
             ... on level 9 of the Dungeon.
             The game lasted 00:37:31 (9811 turns).

Folque the Geomancer (DrEE)                         Turns: 9811, Time: 00:37:32

Health: -4/77      AC: 10    Str: 12    XL:     10   Next: 4%
Magic:  11/17      EV: 13    Int: 23    God:    Sif Muna [***...]
Gold:   551        SH:  0    Dex: 11    Spells: 4/19 levels left

rFire    . . .     SeeInvis .   Q - +0 demon blade (elec)
rCold    + . .     Gourm    .   (no shield)
rNeg     . . .     Faith    .   (armour unavailable)
rPois    .         Spirit   .   (helmet restricted)
rElec    .         Reflect  .   f - +2 cloak
rCorr    .         Harm     .   (no gloves)
MR       .....                  (no boots)
Stlth    ++........             (no amulet)
HPRegen  0.22/turn              (no ring)
MPRegen  0.15/turn              (no ring)

@: brilliant, marked, berserk cooldown, slowed, divine energy, very slow
A: breathe frost, unfitting armour, cold resistance 1, cold-blooded, AC +7
a: Breathe Frost, Stop Divine Energy, Channel Magic, Renounce Religion


You were on level 9 of the Dungeon.
You worshipped Sif Muna.
Sif Muna was most pleased with you.
You were hungry.

You visited 2 branches of the dungeon, and saw 10 of its levels.
You also visited: Sewer.

You collected 551 gold pieces.

Inventory:

Hand Weapons
 a - a +0 short sword
 d - a +0 halberd
 Q - a +0 demon blade of electrocution (weapon)
 T - the +1 long sword "Vupu" {vamp, rElec rPois Stlth+}
   (You found it on level 9 of the Dungeon)

   It inflicts no extra harm, but heals its wielder when it wounds a living foe.
   It insulates you from electricity.
   It protects you from poison.
   It makes you more stealthy.
Missiles
 b - 122 stones (quivered)
Armour
 f - a +2 cloak (worn)
 o - a +0 cloak of invisibility
 G - a +0 buckler
Jewellery
 i - an uncursed amulet of harm {unknown}
 m - an uncursed ring of fire
 s - a cursed ring of positive energy
 y - a cursed amulet of inaccuracy {unknown}
 D - an uncursed ring of protection from cold {unknown}
 E - an uncursed ring of positive energy
 L - an uncursed ring of ice {unknown}
Wands
 J - a wand of enslavement (11)
 K - a wand of polymorph (16)
 N - a wand of iceblast (4)
 P - a wand of random effects (15)
 R - a wand of flame (28)
Scrolls
 e - 4 scrolls of remove curse
 h - 3 scrolls of immolation
 k - 3 scrolls of amnesia
 l - 2 scrolls of enchant armour
 p - a scroll of fear
 t - 4 scrolls of magic mapping {unknown}
 w - a scroll of fog {unknown}
 B - 5 scrolls of identify
 C - 6 scrolls of teleportation
 F - a scroll of vulnerability {unknown}
 H - a scroll of silence {unknown}
 I - a scroll of enchant weapon {unknown}
Potions
 g - 3 potions of lignification {unknown}
 j - 3 potions of magic
 n - a potion of cancellation
 q - a potion of might
 r - 4 potions of curing
 u - 2 potions of brilliance
 v - 4 potions of flight
 x - a potion of berserk rage
 z - a potion of agility {unknown}
 A - 2 potions of degeneration {unknown}
 M - a potion of haste {unknown}
 O - 2 potions of ambrosia {unknown}
Comestibles
 c - 21 rations


   Skills:
 - Level 3.0 Fighting
 - Level 3.0 Dodging
 - Level 1.7 Stealth
 + Level 2.0 Shields
 - Level 5.0 Spellcasting
 - Level 5.0 Conjurations
 - Level 5.0 Transmutations
 + Level 10.1 Earth Magic
 * Level 4.0 Invocations


You had 4 spell levels left.
You knew the following spells:

 Your Spells              Type           Power        Failure   Level  Hunger
a - Sandblast             Erth           ######       1%          1    None
b - Passwall              Tmut/Erth      ######..     1%          2    None
c - Stone Arrow           Conj/Erth      ######       1%          3    ##.....
d - Lee's Rapid Deconstr  Erth           ######....   1%          5    #####..
e - Petrify               Tmut/Erth      ######..     1%          4    ####...

Your spell library contained the following spells:

 Spells                   Type           Power        Failure   Level  Hunger
 Summon Small Mammal      Summ           ###.         1%          1    None
 Call Imp                 Summ           ###.....     1%          2    None
 Call Canine Familiar     Summ           ###.....     3%          3    ##.....
 Summon Guardian Golem    Hex/Summ       ###.....     3%          3    ##.....
 Cause Fear               Hex            ###.......   11%         4    ####...
 Summon Ice Beast         Ice/Summ       ###.....     11%         4    ####...
 Summon Lightning Spire   Summ/Air       ###.....     11%         4    ####...
 Yara's Violent Unravell  Hex/Tmut       ####......   11%         5    #####..
 Silence                  Hex/Air        ###.......   26%         5    #####..
 Deflect Missiles         Chrm/Air       ###.......   73%         6    #######
 Discord                  Hex            ###.......   100%        8    #######


Dungeon Overview and Level Annotations

Branches:
Dungeon (9/15)             Temple (1/1) D:5
   Lair: D:8-11         Orc: D:9-12

Altars:
Ashenzari
Cheibriados
Dithmenos
Elyvilon
Fedhas
Gozag
Hepliaklqana
Kikubaaqudgha
Makhleb
Nemelex Xobeh
Okawaru
Qazlal
Ru
Sif Muna
Trog
Uskayaw
Vehumet
Wu Jian
Xom
Yredelemnul
Zin
The Shining One

Shops:
D:7 [

Annotations:
D:7 1 runed door, CcS's ghost, novice MiBe; Maurice
D:9 Harold


Innate Abilities, Weirdness & Mutations

You can breathe waves of freezing cold.
You can buffet flying creatures when you breathe cold.
Your icy white scales are hard. (AC +7)
You cannot fit into any form of body armour.
Your flesh is cold resistant. (rC+)
You are cold-blooded and may be slowed by cold attacks.


Message History

Harold gestures at you while chanting. A sentinel's mark forms upon you.
There is an open door here.
You close the door.
Harold opens the door.
Harold barely misses you.
Casting: Petrify (safe; 6% risk of failure)
Confirm with . or Enter, or press ? or * to list all spells.
Aiming: Petrify (safe; 6% risk of failure)
Press: ? - help, Shift-Dir - straight line, f/p - Harold
Aim: Harold, wielding a +0 trident and wearing a +0 scale mail (chance to Harold easily resists.
Harold barely misses you.
It was a potion of brilliance.
You feel clever all of a sudden. Harold gestures at you while chanting.
The harpoon shot hits you!
* * * LOW HITPOINT WARNING * * *
You are yanked forward by the harpoon shot.
You feel better. Harold hits you with a +0 trident!!
* * * LOW HITPOINT WARNING * * *
Harold hits you with a +0 trident.
You die...

#............# #...#
######+## #)### #>#
##'######## #.........#
.########## #.........#
%.........####.........#
......!.(....#.........#
..........##@@.........#
..........####.........#
########### #.........#
#.........# ##########


You could see Harold.

Vanquished Creatures
  Pikel (D:7)
  Prince Ribbit (D:6)
  A hippogriff (D:7)
  Grum (D:9)
  A hungry ghost (D:9)
  Purgy (Sewer)
  A slave (D:7)
  2 phantoms
  A necrophage (D:5)
  2 ice beasts
  3 black bears
  4 ogres
  A centaur (D:8)
  3 wolves (D:9)
  A crocodile (D:8)
  4 bullfrogs
  A scorpion (D:9)
  5 crimson imps
  7 orc wizards
  4 hounds
  2 bullfrog skeletons
  3 orc priests
  Crazy Yiuf (D:2)
  Terence (D:2)
  An iguana (D:9)
  8 worker ants
  A hound skeleton (D:6)
  Robin (D:2)
  4 gnolls
  6 adders
  4 shadow imps
  2 oozes
  2 adder skeletons
  An adder zombie (D:5)
  3 worms
  6 leopard geckos
  18 orcs
  5 giant cockroaches
  13 goblins
  4 hobgoblins
  11 jackals
  9 kobolds
  10 quokkas
  2 ball pythons (Sewer)
  9 bats
  10 frilled lizards
  A leopard gecko skeleton (D:5)
  6 rats
189 creatures vanquished.

Vanquished Creatures (others)
  An orc (D:5)
  2 withered plants (D:7)
3 creatures vanquished.

Grand Total: 192 creatures vanquished

Notes
Turn   | Place    | Note
-------+----------+-------------------------------------------
     0 | D:1      | Folque the Draconian Earth Elementalist began the quest for
                  | the Orb.
     0 | D:1      | Reached XP level 1. HP: 14/14 MP: 3/3
    97 | D:1      | Reached XP level 2. HP: 20/20 MP: 5/5
   104 | D:1      | Learned a level 2 spell: Passwall
   593 | D:1      | Reached XP level 3. HP: 26/26 MP: 6/6
   601 | D:1      | Learned a level 3 spell: Stone Arrow
   654 | D:1      | Reached skill level 4 in Earth Magic
   920 | D:2      | Found a shattered altar of Ashenzari.
   933 | D:2      | Reached skill level 1 in Conjurations
   933 | D:2      | Reached XP level 4. HP: 17/33 MP: 1/8
   938 | D:2      | Noticed Robin
  1360 | D:2      | Noticed Terence
  1592 | D:2      | Killed Terence
  2029 | D:2      | Found a runed door.
  2033 | D:2      | Noticed Crazy Yiuf
  2040 | D:2      | Killed Crazy Yiuf
  2040 | D:2      | Reached XP level 5. HP: 38/38 MP: 1/9
  2407 | D:2      | Killed Robin
  2670 | D:2      | Learned a level 5 spell: Lee's Rapid Deconstruction
  3436 | D:3      | Found a blossoming altar of Fedhas.
  3437 | D:3      | Found an iron altar of Okawaru.
  3679 | D:4      | Noticed a phantom
  3697 | D:4      | Killed a phantom
  3697 | D:4      | Reached XP level 6. HP: 36/45 MP: 0/12
  3744 | D:4      | Found a glowing drain.
  3839 | Sewer    | Entered a sewer
  3894 | Sewer    | Noticed Purgy
  3903 | Sewer    | Killed Purgy
  3903 | Sewer    | Reached skill level 1 in Fighting
  3903 | Sewer    | Reached skill level 5 in Earth Magic
  4123 | D:4      | Found a sacrificial altar of Ru.
  4674 | D:4      | Your scales start taking on an icy white colour.
  4674 | D:4      | Reached XP level 7. HP: 38/55 MP: 2/14
  4674 | D:4      | Gained mutation: Your flesh is cold resistant. (rC+) [White
                  | Draconian growth]
  4784 | D:5      | Entered Level 5 of the Dungeon
  4943 | D:5      | Found a staircase to the Ecumenical Temple.
  4949 | Temple   | Entered the Ecumenical Temple
  4957 | Temple   | Became a worshipper of Sif Muna the Loreminder
  5047 | D:5      | Reached skill level 5 in Spellcasting
  5299 | D:5      | Reached skill level 6 in Earth Magic
  5325 | D:5      | Learned a level 4 spell: Petrify
  5943 | D:5      | Reached XP level 8. HP: 61/62 MP: 15/15
  6399 | D:6      | Reached skill level 7 in Earth Magic
  6425 | D:6      | Reached * piety under Sif Muna
  6815 | D:6      | Noticed Prince Ribbit
  6824 | D:6      | Killed Prince Ribbit
  7174 | D:7      | Reached skill level 8 in Earth Magic
  7195 | D:7      | Found Junus's Armour Shop.
  7259 | D:7      | Reached ** piety under Sif Muna
  7264 | D:7      | Reached XP level 9. HP: 59/68 MP: 0/16
  7459 | D:7      | Found a runed door.
  7459 | D:7      | Noticed CcS's ghost (novice MiBe)
  7588 | D:7      | Noticed Pikel
  7613 | D:7      | Killed Pikel
  7613 | D:7      | Reached skill level 9 in Earth Magic
  7766 | D:7      | Found an ornate altar of the Wu Jian Council.
  7822 | D:7      | Reached skill level 5 in Conjurations
  8351 | D:8      | Noticed Maurice
  8565 | D:8      | Reached *** piety under Sif Muna
  8565 | D:8      | Reached skill level 1 in Invocations
  9059 | D:8      | Reached skill level 5 in Transmutations
  9421 | D:9      | Reached skill level 1 in Shields
  9421 | D:9      | Reached skill level 10 in Earth Magic
  9426 | D:9      | Got a twisted long sword
  9482 | D:9      | Identified the +1 long sword "Vupu" {vamp, rElec rPois
                  | Stlth+} (You found it on level 9 of the Dungeon)
  9674 | D:9      | Noticed Grum
  9685 | D:9      | Killed Grum
  9685 | D:9      | Reached XP level 10. HP: 55/76 MP: 0/17
  9788 | D:9      | Noticed Harold
  9811 | D:9      | HP: 2/77 [Harold/+0 trident (18)]
  9811 | D:9      | Slain by Harold

Vault maps used:
D:1:      lemuel_arrival_cross, nrook_mini_vaults, nrook_campfire
D:2:      nicolae_ashenzari_panopticon, grunt_ministairs_11,
          uniq_crazy_yiuf_cottage, uniq_robin, uniq_terence
D:3:      chequers_temple_overflow_statue_of_worship, serial_bayou,
          serial_bayou_lagoon_a, serial_bayou_lake_a, serial_bayou_crossing,
          serial_bayou_ford_a, first_ration
D:4:      portal_sewer_entry_e, nicolae_ru_great_annihilating_truth
D:5:      minmay_temple_entry_trees, minmay_manual_moon
D:6:      chequers_serial_rivers_micro_e, uniq_prince_ribbit1
D:7:      old_standard_altar, serial_shops, shop, gammafunk_ghost_grave,
          uniq_pikel
D:8:      uniq_maurice
D:9:      blue_anna_alchemist, kennysheep_generic_room_5, uniq_harold, uniq_grum
Temple:   nicolae_temple_no_exploring_needed
Sewer:    sewer_co_purgy_island

Skill      XL: |  1  2  3  4  5  6  7  8  9 10 |
---------------+-------------------------------+-----
Earth Magic    | 4 5 6 8 10 | 10.1
Conjurations   | 1 2 4 5 |  5.0
Spellcasting   | 3 4 5 |  5.0
Fighting       | 2 3 |  3.0
Dodging        | 2 3 |  3.0
Transmutations | 3 5 |  5.0
Invocations    | 3 4 |  4.0
Shields        | 1 2 |  2.0
Stealth        | |  1.7

Action                   |  1- 3 |  4- 6 |  7- 9 | 10-12 || total
-------------------------+-------+-------+-------+-------++-------
Melee: Short sword       |    35 |       |       |       ||    35
       Tailslap          |     7 |    14 |    17 |       ||    38
       Halberd           |    42 |   205 |   205 |       ||   452
       Demon blade       |       |       |    12 |       ||    12
 Cast: Sandblast         |    11 |    28 |    37 |       ||    76
       Stone Arrow       |     1 |    22 |    40 |       ||    63
       Passwall          |       |     1 |       |       ||     1
       Lee's Rapid Decon |       |       |    28 |     1 ||    29
       Petrify           |       |       |    14 |     2 ||    16
Invok: Divine Energy     |       |       |     4 |       ||     4
       Stop Divine Energ |       |       |     3 |       ||     3
 Abil: Breathe Frost     |       |       |     6 |       ||     6
Evoke: Wand              |       |       |     1 |       ||     1
  Use: Potion            |     1 |     3 |       |     4 ||     8
       Scroll            |       |    15 |     1 |       ||    16
 Stab: Sleeping          |     2 |     6 |     4 |       ||    12
       Paralysed         |       |     1 |       |       ||     1
       Petrified         |       |       |    12 |       ||    12
       Petrifying        |       |       |     1 |       ||     1
  Eat: Chunk             |       |    15 |    27 |     1 ||    43
       Ration            |       |       |     2 |       ||     2
Armor: Skin              |    28 |   107 |    88 |       ||   223
Dodge: Dodged            |    47 |   195 |   177 |     2 ||   421
       Rpst.: Demon blade |       |       |     3 |       ||     3

Table legend:
 A = Non-vault XP
 B = Vault XP
 C = Vault XP percentage of total XP
 D = Non-vault monster count
 E = Vault monster count
 F = Vault count percentage of total count
                 A         B        C        D         E       F
            +---------+---------+-------+---------+---------+-------
      Total |    4004 |    1795 |  31.0 |     153 |      35 |  18.6
            +---------+---------+-------+---------+---------+-------
        D:1 |      56 |       0 |   0.0 |      24 |       0 |   0.0
        D:2 |     107 |     116 |  52.0 |      20 |      16 |  44.4
        D:3 |      31 |       0 |   0.0 |      10 |       0 |   0.0
        D:4 |     290 |       7 |   2.4 |      10 |       4 |  28.6
        D:5 |     534 |     170 |  24.1 |      25 |       2 |   7.4
        D:6 |     655 |     259 |  28.3 |      20 |       1 |   4.8
        D:7 |    1060 |     561 |  34.6 |      20 |       1 |   4.8
        D:8 |     627 |       0 |   0.0 |      16 |       0 |   0.0
        D:9 |     644 |     540 |  45.6 |       8 |       4 |  33.3
      Sewer |       0 |     142 | 100.0 |       0 |       7 | 100.0
            +---------+---------+-------+---------+---------+-------
